 Dungeon Crawl Stone Soup version 0.18-a0-1481-g708b138 (webtiles) character file.

116 mrath the Magician (level 4, -2/39 HPs)
             Began as a Troll Wizard on Mar 3, 2016.
             Slain by Grinder (7 damage)
             ... on level 3 of the Dungeon.
             The game lasted 00:11:57 (1807 turns).

mrath the Magician (Troll Wizard)                   Turns: 1807, Time: 00:11:57

Health: -2/39      AC:  5    Str: 15    XL:     4   Next: 69%
Magic:  7/7        EV:  9    Int: 15    God:
Gold:   96         SH:  0    Dex:  8    Spells: 1 memorised, 8 levels left

rFire  . . .     SeeInvis .     (no weapon)
rCold  . . .     Gourm    +     a - +0 robe
rNeg   . . .     Faith    .     (no shield)
rPois  .         Spirit   .     b - +0 hat
rElec  .         Dismiss  .     (no cloak)
rCorr  .         Reflect  .     (gloves unavailable)
SustAt .         Harm     .     (boots unavailable)
MR     .....                    (no amulet)
Stlth  +.........               (no ring)
                                (no ring)

@: not resistant to hostile enchantments, very unstealthy
A: unfitting armour, claws 3, fast metabolism 3, gourmand, regeneration 2,
shaggy fur 1, tough skin 2
a: no special abilities


You were on level 3 of the Dungeon.
You were completely stuffed.

You visited 1 branch of the dungeon, and saw 3 of its levels.

You collected 96 gold pieces.

Inventory:

Hand Weapons
 q - a +0 hand axe
Missiles
 k - 79 sling bullets
 u - 8 needles of frenzy
 x - 14 stones (quivered)
Armour
 a - a +0 robe (worn)
 b - a +0 hat (worn)
Jewellery
 e - an uncursed ring of magical power {unknown}
 i - a cursed amulet of inaccuracy {unknown}
 m - an uncursed amulet of the gourmand {unknown}
 p - an uncursed ring of magical power {unknown}
Scrolls
 j - 4 scrolls of identify {unknown}
 l - a scroll of teleportation {unknown}
 t - a scroll of recharging {unknown}
 v - a scroll of magic mapping {unknown}
 y - 2 scrolls of remove curse {unknown}
Potions
 g - 4 potions of flight {unknown}
 h - a potion of might {unknown}
 n - a potion of lignification {unknown}
 o - 2 potions of berserk rage {unknown}
 r - a potion of degeneration {unknown}
 s - 2 potions of agility {unknown}
 z - 4 potions of curing {unknown}
Books
 c - a book of Minor Magic

   Spells                             Type                      Level
   a - Magic Dart                     Conjuration                  1
   b - Blink                          Translocation                2
   c - Call Imp                       Summoning                    2
   d - Repel Missiles                 Charms/Air                   2
   e - Slow                           Hexes                        2
   f - Conjure Flame                  Conjuration/Fire             3
   g - Mephitic Cloud                 Conjuration/Poison/Air       3
Comestibles
 d - 4 bread rations
 f - 2 meat rations
 w - 9 chunks of flesh
 A - 2 fruits


   Skills:
 - Level 1.5 Dodging
 - Level 1.1 Stealth
 * Level 3.0 Spellcasting
 + Level 2.0 Conjurations
   Level 0.6 Summonings
   Level 0.6 Translocations


You had 8 spell levels left.
You knew the following spells:

 Your Spells              Type           Power        Failure   Level  Hunger
a - Magic Dart            Conj           #...         12%         1    #......


Dungeon Overview and Level Annotations

Branches:
Dungeon (3/15)

Altars:
Ashenzari
Sif Muna

Annotations:
D:3 Grinder


Innate Abilities, Weirdness & Mutations

You are too large for most types of armour.
You have claws for hands.
Your metabolism is lightning-fast.
You like to eat raw meat.
You heal very quickly.
You are covered in fur (AC +1).
You have very tough skin (AC +2).


Message History

Grinder hits you.
* * * LOW HITPOINT WARNING * * *
You writhe in agony.
* * * LOW HITPOINT WARNING * * *
Grinder gestures at you.
You shrug off the repeated paralysis!
You can move again.
You scratch Grinder.
Grinder is heavily wounded.
Grinder hits you but does no damage.
You barely miss Grinder.
Grinder is heavily wounded.
Grinder hits you.
* * * LOW HITPOINT WARNING * * *
You writhe in agony.
* * * LOW HITPOINT WARNING * * *
You closely miss Grinder.
Grinder is heavily wounded.
Grinder hits you!
You die...

#### #>......# ####
#...##.#####.## #...
####......# #..# #...
.....5.##.# ##.## #...
.......#..# #..# #...
.......'..# ##.# #...
.......#..# #.# #.<.
.......#5.# #.####...
.......#@.# #..#...#.
.......#..# ###.#.#.#.
.......#..######.....#.#.
########.................
#...........###...
#............##..#
#.............#...
#..........#..##..
#..........##.....


You could see Grinder.

Vanquished Creatures
  A gnoll (D:1)
  3 adders
  2 oozes
  2 dart slugs
  A worm (D:2)
  3 giant geckos
  3 giant cockroaches
  3 goblins
  2 hobgoblins
  15 jackals
  A quokka (D:3)
  A ball python (D:1)
  5 bats
  2 giant newts
  5 kobolds
  11 rats
60 creatures vanquished.

Notes
Turn   | Place    | Note
--------------------------------------------------------------
     0 | D:1      | mrath the Troll Wizard began the quest for the Orb.
     0 | D:1      | Reached XP level 1. HP: 16/16 MP: 2/2
    96 | D:1      | Reached skill level 1 in Conjurations
    96 | D:1      | Reached XP level 2. HP: 4/24 MP: 4/4
   383 | D:1      | Reached XP level 3. HP: 31/31 MP: 5/5
  1066 | D:2      | Reached XP level 4. HP: 31/39 MP: 7/7
  1250 | D:3      | Noticed Grinder
  1448 | D:3      | Found a deep blue altar of Sif Muna.
  1530 | D:3      | Found a shattered altar of Ashenzari.
  1620 | D:3      | Reached skill level 3 in Spellcasting
  1790 | D:3      | Paralysed by Grinder for 2 turns
  1802 | D:3      | Paralysed by Grinder for 3 turns
  1807 | D:3      | Slain by Grinder

Vault maps used:
D:1:      evilmike_arrival_fibonacci_small, corexii_leaking_fountain
D:3:      ashenzari_conservatory_becter, lemuel_blue_sif_altar, uniq_grinder

Skill      XL: |  1  2  3  4 |
---------------+-------------+-----
Conjurations   | 1 2 |  2.0
Spellcasting   | 3 |  3.0
Dodging        | |  1.5
Stealth        | |  1.1
Summonings     | |  0.6
Translocations | |  0.6

Action                   |  1- 3 |  4- 6 || total
-------------------------+-------+-------++-------
Melee: Unarmed           |   123 |    90 ||   213
 Cast: Magic Dart        |     1 |       ||     1
 Stab: Sleeping          |       |     2 ||     2
  Eat: Chunk             |    14 |     8 ||    22
